 Dungeon Crawl Stone Soup version 0.30-a0-1043-g60ff8d5f49 (webtiles) character file.

Game seed: 2701810618457321850

120 Esekla the Covert (level 5, -3/36 HPs)
             Began as an Octopode Delver on Apr 9, 2023.
             Slain by an orc priest
             ... wielding a +0 flail
              (8 damage)
             ... on level 5 of the Dungeon.
             The game lasted 00:04:03 (313 turns).

Esekla the Covert (Octopode Delver)                  Turns: 313, Time: 00:04:04

Health: -3/36      AC:  1    Str: 11    XL:     5   Next: 4%
Magic:  6/6        EV: 13    Int: 15    God:
Gold:   54         SH:  0    Dex: 13    Spells: 6/6 levels left

rFire   . . .      SeeInvis .    a - +0 falchion
rCold   . . .      Faith    .    (no shield)
rNeg    . . .      Spirit   .    (helmet restricted)
rPois   .          Reflect  .    (no amulet)
rElec   .          Rampage  .    (no ring)
rCorr   .                        (no ring)
Will    .....                    (no ring)
Stlth   +++                      (no ring)
HPRegen 0.26/turn                (no ring)
MPRegen 0.10/turn                (no ring)
                                 (no ring)
                                 (no ring)

@: confused
A: almost no armour, amphibious, 8 rings, camouflage 1, gelatinous body 1,
(nimble swimmer 1), tentacles
a: no special abilities


You were on level 5 of the Dungeon.
You visited 1 branch of the dungeon, and saw 1 of its levels.

You collected 54 gold pieces.

Inventory:

Hand Weapons
 a - a +0 falchion (weapon)
 s - a +0 short sword
Wands
 f - a wand of digging (3)
Scrolls
 b - a scroll of fog
 d - a scroll of fear
 j - 2 scrolls of brand weapon {unknown}
Potions
 c - a potion of heal wounds {unknown}
 e - a potion of haste
 g - a potion of curing {unknown}
 i - a potion of ambrosia {unknown}
 k - a potion of attraction {unknown}


   Skills:
 * Level 3.5 Fighting
 * Level 2.5 Long Blades
 * Level 2.5 Dodging
 + Level 8.0 Stealth
 * Level 1.1 Spellcasting


You had 6 spell levels left.
You didn't know any spells.
Your spell library contained the following spells:

 Spells                   Type           Power      Damage    Failure   Level
 Shock                    Conj/Air       0%         1d3       24%         1
 Swiftness                Air            0%         N/A       58%         3
 Tukima's Dance           Hex            0%         N/A       58%         3
 Airstrike                Air            0%         2d(0-16)  94%         4
 Passage of Golubria      Tloc           0%         N/A       94%         4
 Yara's Violent Unravell  Hex/Tmut       0%         3d3       100%        5


Dungeon Overview and Level Annotations

Branches:
Dungeon (5/15)
 Temple: D:4-7

Altars:
Gozag


Innate Abilities, Weirdness & Mutations

You cannot wear most types of armour.
You are amphibious.
You can wear up to eight rings at the same time.
Your skin changes colour to match your surroundings (Stealth+).
Your rubbery body absorbs attacks. (AC +1, EV +1)
((You are camouflaged when in or above water. (Stealth+)))
You have tentacles for arms and can constrict up to eight enemies at once.


Message History

a - a +0 falchion (weapon)
The orc shouts! x2
You closely miss the orc. You grab the orc. You constrict the orc.
The orc struggles to escape constriction.
You hit the orc. Your squeeze misses the orc.
The orc is moderately wounded.
You hear the rusting of a very distant drain.
You constrict the orc. The orc hits you with a +0 morningstar.
You hit the orc.
You kill the orc!
You closely miss the orc. Your grab misses the orc. The orc barely misses you.
You hit the orc. Your grab misses the orc.
The orc is severely wounded.
The orc misses you.
You hit the orc.
You kill the orc!
You barely miss the orc wizard. Your grab misses the orc wizard.
The orc priest mumbles some strange prayers to Beogh against you.
Beogh smites you!
You hit the orc wizard. Your grab misses the orc wizard.
The orc wizard is moderately wounded.
The orc priest mumbles some strange prayers to Beogh against you.
You barely resist.
The orc wizard hits you with a +0 dagger.
You closely miss the orc wizard. Your grab misses the orc wizard.
You squeeze the orc wizard.
The orc wizard is heavily wounded.
The orc wizard misses you.
You barely miss the orc wizard. Your grab misses the orc wizard.
The orc wizard is heavily wounded.
The orc wizard hits you with a +0 dagger.
The orc priest hits you with a +0 flail!
* * * LOW HITPOINT WARNING * * *
You closely miss the orc priest. You grab the orc priest.
You constrict the orc priest. The orc priest closely misses you.
The orc wizard casts a spell at you.
You are confused.
The orc wizard misses you.
The orc priest hits you with a +0 flail!
You die...

..# #...### #..#
#.###...######..#
##..............#############
#(.....#....................#
.....#.#.##.#.#############.#
..#....#....#.########## #.#
..#.#######.........../# #.#
[##.)..#....####.#####.# #.#
.......#.##.##..@o$# #.# #.#
..####.#.##.##.#o### #.# #.#
.## #..(##..#.._.,* #.# #.#
.# ###########.#.* #.# #.# .#
*,....# #.# #.# .#
###.#####.# #.# .#
#....#.##.# #.# ##
#.#.##.##.# #.####
#.#.##.##.# #....#


You could see an orc priest and an orc wizard.

Vanquished Creatures
  An ogre (D:5)
  A jelly (D:5)
  A worm (D:5)
  3 orcs (D:5)
6 creatures vanquished.

Notes
Turn   | Place    | Note
-------+----------+-------------------------------------------
     0 | D:5      | Esekla the Octopode Delver began the quest for the Orb.
     0 | D:5      | Reached XP level 1. HP: 16/16 MP: 1/1
    16 | D:5      | Noticed an orc priest
    17 | D:5      | Found an opulent altar of Gozag.
    17 | D:5      | Noticed an orc wizard
    93 | D:5      | Noticed a jelly
   135 | D:5      | Noticed a yak
   141 | D:5      | Noticed a black bear
   154 | D:5      | Noticed an ogre
   171 | D:5      | Killed a jelly
   172 | D:5      | Reached skill level 7 in Stealth
   172 | D:5      | Reached XP level 2. HP: 18/21 MP: 2/2
   172 | D:5      | Reached XP level 3. HP: 22/26 MP: 3/3
   195 | D:5      | Killed an ogre
   196 | D:5      | Reached skill level 8 in Stealth
   196 | D:5      | Reached skill level 1 in Spellcasting
   196 | D:5      | Reached XP level 4. HP: 8/31 MP: 3/5
   301 | D:5      | Reached XP level 5. HP: 36/36 MP: 6/6
   313 | D:5      | Slain by an orc priest

Illustrated notes

Levels and vault maps discovered:
D:5:      layout_loops_ring, nicolae_gozag_cash_rules_everything_around_me,
          gup_sewer_entry_bubbles, minmay_misc_feat_pillars

Skill      XL: |  1  2  3 |
---------------+----------+-----
Stealth        | 7 8 |  8.0
Spellcasting   | 1 |  1.1
Fighting       | |  3.5
Long Blades    | |  2.5
Dodging        | |  2.5

Action                     |  1- 3 |  4- 6 || total
---------------------------+-------+-------++-------
  Melee: Falchion          |     7 |    11 ||    18
         Tentacles         |     2 |     1 ||     3
         Constrict         |     1 |     2 ||     3
         Short sword       |     1 |     1 ||     2
    Use: Scroll            |     1 |       ||     1
   Stab: Sleeping          |     3 |     1 ||     4
  Dodge: Dodged            |     3 |     5 ||     8

Table legend: (Time is in decaauts)
 A = Elapsed time spent in this place.
 B = Non-inter-level travel time spent in this place.
 C = Inter-level travel time spent in this place.
 D = Time resting spent in this place.
 E = Time spent auto-exploring this place.
 F = Levels seen in this place.
 G = Mean time per level.
                   A        B        C        D        E       F      G
               +--------+--------+--------+--------+--------+-----+--------+
         Total |    313 |    313 |      0 |      4 |      0 |   1 |  313.0 |
       Dungeon |    313 |    313 |      0 |      4 |      0 |   1 |  313.0 |
               +--------+--------+--------+--------+--------+-----+--------+

Top non-repeatable levels by time:
     D:5: 313 daAuts
